 Dungeon Crawl Stone Soup version 0.18.1-2-ga659475 (webtiles) character file.

59 Chemotherapy the Ruffian (level 4, -3/35 HPs)
             Began as a Ghoul Wanderer on May 7, 2016.
             Slain by an orc
             ... wielding a +0 dagger
              (4 damage)
             ... on level 2 of the Dungeon.
             The game lasted 00:05:31 (1930 turns).

Chemotherapy the Ruffian (Ghoul Wanderer)           Turns: 1930, Time: 00:05:32

Health: -3/35      AC:  2    Str: 21    XL:     4   Next: 3%
Magic:  5/5        EV: 11    Int:  7    God:
Gold:   110        SH:  3    Dex:  8    Spells: 0 memorised, 6 levels left

rFire  . . .     SeeInvis .       - Unarmed
rCold  + . .     Gourm    .     d - +0 robe
rNeg   + + +     Faith    .     c - +0 buckler
rPois  ∞         Spirit   .     (no helmet)
rElec  .         Dismiss  .     (no cloak)
rCorr  .         Reflect  .     (no gloves)
SustAt .         Harm     .     (no boots)
MR     .....                    (no amulet)
Stlth  +.........               (no ring)
                                (no ring)

@: mighty, rotting, slowed, very slow, not resistant to hostile enchantments,
very unstealthy
A: rotting body, claws 1, carnivore 3, cold resistance 1, negative energy
resistance 3, slow regeneration 1, torment resistance, unbreathing
a: no special abilities


You were on level 2 of the Dungeon.
You were not hungry.

You visited 1 branch of the dungeon, and saw 3 of its levels.

You collected 110 gold pieces.

Inventory:

Hand Weapons
 j - a +0 dagger
   (You took it off a kobold on level 1 of the Dungeon)
 m - a +0 hunting sling
   (You found it on level 1 of the Dungeon)
 p - a +0 club
   (You took it off a goblin on level 1 of the Dungeon)
Missiles
 h - a throwing net {=f, !d}
Armour
 c - a +0 buckler (worn)
 d - a +0 robe (worn)
Scrolls
 b - 2 scrolls of teleportation
 e - a scroll of magic mapping {unknown}
 k - 4 scrolls of identify {unknown}
 q - a scroll of noise {unknown}
 r - 2 scrolls of random uselessness {unknown}
 s - a scroll of enchant armour {unknown}
Potions
 g - a potion of cure mutation {unknown}
 i - a potion of brilliance {unknown}
 l - 2 potions of curing
Books
 a - a book of Minor Magic
Comestibles
 f - 2 meat rations {@e2}


   Skills:
 - Level 1.1 Fighting
 - Level 1.0 Dodging
 - Level 1.1 Stealth
 + Level 2.0 Shields
 * Level 3.1 Unarmed Combat
 - Level 1.7 Spellcasting
   Level 2.4 Conjurations
   Level 1.0 Evocations


You had 6 spell levels left.
You didn't know any spells.

Dungeon Overview and Level Annotations

Branches:
Dungeon (3/15)

Altars:
Sif Muna
The Shining One


Innate Abilities, Weirdness & Mutations

Your body is rotting away.
You thrive on raw meat.
You are immune to poison.
You have sharp fingernails.
You are carnivorous and can eat meat at any time.
Your flesh is cold resistant.
You are immune to negative energy.
You regenerate slowly when monsters are visible.
You are immune to unholy pain and torment.
You can survive without breathing.


Message History

You closely miss the giant newt.
The giant newt bites you but does no damage.
You scratch the giant newt.
You kill the giant newt!
No target in view!
You see here a giant newt corpse.
You butcher the giant newt corpse.
n - 2 chunks of flesh {@w0} (gained 1)
l - 4 fuming sapphire potions (gained 2)
r - 2 scrolls labeled AMONEUMP ZUCO (gained 1)
Found a stone staircase leading down.
You regained 2 hp, and now have 33/35 hp.
Found an escape hatch in the floor.
Health restored: 35 A kobold comes into view.
It is wielding a short sword.
A kobold is nearby!
No target in view!
No target in view!
No target in view!
The kobold shouts!
The kobold is too close now for your liking.
The kobold barely misses you.
You claw the kobold!
You kill the kobold!
No target in view!
You see here a short sword.
Found a stone staircase leading down.
Some of the chunks of flesh in your inventory have rotted away.
There is a stone staircase leading down here.
You feel your flesh rotting away.
Eating a chunk of flesh {@w0}.
You feel more resilient.
This raw flesh tastes great!
You continue eating. x2
Done exploring.
You take 1 damage, and have 34/35 hp.
Done exploring.
(D) Dungeon
Where to? (Enter - D:2, ? - help)
There is a stone staircase leading down here.
You climb downwards.
A kobold, 2 orcs and 2 orc wizards come into view.
The orc wizard shouts!
Found a scroll labeled DOEHIA HALARI.
Found a stone staircase leading down.
There is a stone staircase leading up here.
Health restored: 35 The orc shouts! x2; The orc wizard shouts!
The kobold shouts!
You scratch the orc wizard but do no damage.
The orc wizard gestures at you while chanting.
You resist with some effort. The orc closely misses you. The orc hits you.
The orc wizard hits you with a dagger.
You climb upwards.
There is a stone staircase leading down here.
You take 6 damage, and have 29/35 hp.
You closely miss the orc wizard. The orc hits you with a dagger.
The orc hits you. The orc wizard casts a spell at you.
You feel yourself slow down.
You take 7 damage, and have 22/35 hp.
You barely miss the orc wizard. The orc hits you but does no damage.
The orc hits you.
The orc wizard hits you but does no damage.
The orc hits you with a dagger.
You take 5 damage, and have 17/35 hp.
You scratch the orc wizard. The orc hits you.
The orc wizard closely misses you. The orc hits you but does no damage.
The orc wizard closely misses you. The orc barely misses you.
You take 3 damage, and have 14/35 hp.
You barely miss the orc wizard. The orc misses you. The orc barely misses you.
The orc wizard hits you with a dagger. The orc closely misses you.
You take 2 damage, and have 12/35 hp.
You miss the orc wizard. The orc hits you.
* * * LOW HITPOINT WARNING * * *
The orc wizard hits you but does no damage.
The orc closely misses you.
You take 5 damage, and have 7/35 hp.
Eat which item? (? for menu, Esc to quit)
Okay, then.
Drink which item? (? for menu, Esc to quit)
It was a potion of curing.
You feel better. The orc closely misses you. You block the orc wizard's attack.
The orc hits you but does no damage. The orc barely misses you.
The orc wizard closely misses you. The orc hits you with a dagger.
* * * LOW HITPOINT WARNING * * *
You regained 3 hp, and now have 10/35 hp.
Drink which item? (? for menu, Esc to quit)
You feel better. The orc hits you.
The orc wizard casts a spell.
The orc wizard blinks!
The orc barely misses you.
You regained 6 hp, and now have 16/35 hp.
You aren't carrying any items that you can evoke.
Sorry, you're not good enough to have a special ability.
Drink which item? (? for menu, Esc to quit)
It was a potion of might.
You feel very mighty all of a sudden. The orc hits you.
The orc wizard hits you with a dagger. The orc barely misses you.
The orc hits you but does no damage.
The orc wizard gestures at you while chanting.
The magic dart hits you!
* * * LOW HITPOINT WARNING * * *
The orc hits you with a dagger.
You die...

..........#.........#
.........)##........#
.............#)#.####
.............#.#.####
...######...........#
...# #....#.#.##.#
...# #....#...##.#
#### ##...##..o..#
#...##o@##.#
#...###o##.# #..(#
#.#### ##### ###


You could see an orc wizard and 2 orcs.

Vanquished Creatures
  2 adders (D:2)
  4 dart slugs
  2 giant cockroaches (D:1)
  4 goblins
  A hobgoblin (D:1)
  10 bats
  2 giant newts
  5 kobolds
  5 rats
35 creatures vanquished.

Notes
Turn   | Place    | Note
--------------------------------------------------------------
     0 | D:1      | Chemotherapy the Ghoul Wanderer began the quest for the Orb.
     0 | D:1      | Chemotherapy set off with: a book of Minor Magic, a scroll of teleportation, a +0 buckler, a +0 robe, a +0 club, a meat ration {@e2}
     0 | D:1      | Reached XP level 1. HP: 16/16 MP: 2/2
   251 | D:1      | Reached skill level 1 in Unarmed Combat
   497 | D:1      | Reached XP level 2. HP: 19/23 MP: 3/3
   874 | D:1      | Reached skill level 2 in Unarmed Combat
   945 | D:1      | Reached XP level 3. HP: 27/28 MP: 4/4
  1377 | D:2      | Found a deep blue altar of Sif Muna.
  1379 | D:2      | Found a glowing golden altar of the Shining One.
  1625 | D:2      | Reached skill level 3 in Unarmed Combat
  1673 | D:2      | Reached skill level 2 in Shields
  1735 | D:2      | Reached XP level 4. HP: 32/35 MP: 5/5
  1927 | D:2      | HP: 7/35 [orc (5)]
  1930 | D:2      | HP: 1/35 [orc wizard/magic dart (10)]
  1930 | D:2      | Slain by an orc

Skill      XL: |  1  2  3 |
---------------+----------+-----
Unarmed Combat | 1 2 3 |  3.1
Shields        | 2 |  2.0
Fighting       | |  1.1
Dodging        | |  1.0
Stealth        | |  1.1
Spellcasting   | |  1.7
Conjurations   | |  2.4
Evocations     | |  1.0

Action                   |  1- 3 |  4- 6 || total
-------------------------+-------+-------++-------
Melee: Unarmed           |   171 |    16 ||   187
  Use: Potion            |       |     3 ||     3
 Stab: Sleeping          |     2 |       ||     2
  Eat: Chunk             |    27 |     1 ||    28
Armor: Robe              |    56 |     3 ||    59
Dodge: Dodged            |   122 |    19 ||   141
Block: Buckler           |    24 |     1 ||    25

Vault maps used:
D:1:      kennysheep_arrival_seaside, hangedman_decor_push,
          hangedman_decor_points
D:2:      nicolae_overflow_hidden_temple, first_bread, tso_altar

Table legend:
 A = Turns spent in this place as a percentage of turns spent in the entire game.
 B = Non-inter-level travel turns spent in this place as a percentage of non-inter-level travel turns spent in the entire game.
 C = Inter-level travel turns spent in this place as a percentage of turns spent in this place.
 D = Turns resting spent in this place as a percentage of non-inter-level travel turns spent in this place.
 E = Turns spent auto-exploring this place as a percentage of non-inter-level travel turns spent in this place.
 F = Non-inter-level travel turns spent in this place divided by the number of levels of this place that you've seen.
                   A       B       C       D       E      F
               +-------+-------+-------+-------+-------+----------------------
         Total | 100.0 | 100.0 |   0.4 |   1.1 |  10.3 | 184.3
       Dungeon | 100.0 | 100.0 |   0.4 |   1.1 |  10.3 | 184.3
               +-------+-------+-------+-------+-------+----------------------

Table legend:
 A = Kills in this place as a percentage of kills in entire the game.
 B = Kills by you in this place as a percentage of kills by you in the entire game.
 C = Kills by friends in this place as a percentage of kills by friends in the entire game.
 D = Other kills in this place as a percentage of other kills in the entire game.
 E = Experience gained in this place as a percentage of experience gained in the entire game.
 F = Experience gained in this place divided by the number of levels of this place that you have seen.
                   A       B       C       D       E      F
               +-------+-------+-------+-------+-------+----------------------
         Total | 100.0 | 100.0 |  -nan |  -nan | 100.0 |  28.3
       Dungeon | 100.0 | 100.0 |  -nan |  -nan | 100.0 |  28.3
               +-------+-------+-------+-------+-------+----------------------
